 Dungeon Crawl Stone Soup version 0.21-a0-426-g98080a9 (webtiles) character file.

1689 theanonym the Cleaver (level 8, -2/78 HPs)
             Began as a Deep Dwarf Fighter on Nov 5, 2017.
             Was an Initiate of Makhleb.
             Killed from afar by an electric eel (5 damage)
             ... with a bolt of electricity
             ... on level 6 of the Dungeon.
             The game lasted 00:16:46 (3917 turns).

theanonym the Cleaver (Deep Dwarf Fighter)          Turns: 3917, Time: 00:16:48

Health: -2/78      AC:  9    Str: 22    XL:     8   Next: 72%
Magic:  7/7        EV:  8    Int:  9    God:    Makhleb [......]
Gold:   193        SH: 11    Dex: 12    Spells: 7/7 levels left

rFire    . . .     SeeInvis .   a - +0 war axe
rCold    . . .     Gourm    .   c - +0 shield
rNeg     . . .     Faith    .   b - +0 scale mail
rPois    .         Spirit   .   (no helmet)
rElec    .         Reflect  .   o - +0 cloak
rCorr    .         Harm     .   (no gloves)
MR       +....                  (no boots)
Stlth    ..........             (no amulet)
HPRegen  0.00/turn              (no ring)
MPRegen  0.10/turn              (no ring)

@: berserk cooldown, non-regenerating, hasted, very quick
A: damage resistance, heal wounds, sense surroundings 1, no regeneration
a: Heal Wounds, Renounce Religion


You were on level 6 of the Dungeon.
You worshipped Makhleb.
Makhleb was noncommittal.
You were not hungry.

You visited 2 branches of the dungeon, and saw 7 of its levels.

You collected 251 gold pieces.
You spent 58 gold pieces at shops.

Inventory:

Hand Weapons
 a - a +0 war axe (weapon)
Armour
 b - a +0 scale mail (worn)
 c - a +0 shield (worn)
 o - a +0 cloak (worn)
   (You found it on level 2 of the Dungeon)
Jewellery
 D - an uncursed ring of positive energy {unknown}
   (You found it on level 6 of the Dungeon)
Wands
 q - a wand of polymorph (0/24)
   (You found it on level 3 of the Dungeon)
 C - a wand of random effects (26/48)
   (You found it on level 5 of the Dungeon)
Scrolls
 h - 2 scrolls of fear {unknown}
 i - 2 scrolls of teleportation {!r}
 j - 2 scrolls of immolation {unknown}
 k - a scroll of noise {unknown}
 s - 3 scrolls of remove curse {unknown}
 u - 4 scrolls of amnesia {unknown}
 y - a scroll of enchant weapon {unknown}
 A - a scroll of fog {unknown}
Potions
 d - 3 potions of might
 e - 3 potions of agility
 l - a potion of magic
 p - a potion of berserk rage
 v - a potion of cancellation
 w - a potion of resistance
 x - a potion of brilliance
 z - a potion of mutation
Comestibles
 f - 5 bread rations
 g - 4 royal jellies
 r - 3 chunks of flesh
 t - a meat ration
 B - 3 fruits


   Skills:
 + Level 6.8 Fighting
 * Level 10.4 Axes
 + Level 8.1 Armour
 + Level 8.2 Shields
 + Level 0.7 Invocations


You had 7 spell levels left.
You didn't know any spells.

Dungeon Overview and Level Annotations

Branches:
Dungeon (6/15)             Temple (1/1) D:6

Altars:
Ashenzari
Cheibriados
Dithmenos
Elyvilon
Fedhas
Gozag
Hepliaklqana
Kikubaaqudgha
Makhleb
Nemelex Xobeh
Okawaru
Ru
Uskayaw
Vehumet
Wu Jian
Xom
Yredelemnul
Zin
The Shining One

Shops:
D:4 *?

Annotations:
D:6 1 exclusion


Innate Abilities, Weirdness & Mutations

You are resistant to damage.
You can heal yourself by infusing magical energy.
You passively map a small area around you.
You do not regenerate.


Message History

You see here a tomahawk.
You see here a tomahawk.
n - 2 tomahawks (gained 1)
There is a stone staircase leading up here.
You climb upwards.
There is a stone staircase leading down here.
Some of the chunks of flesh in your inventory have rotted away.
There is a stone staircase leading down here.
You climb downwards.
There is a stone staircase leading up here.
Okay, then.
Unknown command.
There is a stone staircase leading up here.
You climb upwards.
There is a stone staircase leading down here.
You see here a black bear skeleton.
You see here 17 poisoned needles.
There is a stone staircase leading down here.
You climb downwards.
There is a stone staircase leading up here.
There is a stone staircase leading down here.
An adder comes into view.
The adder hisses angrily.
Found 12 gold pieces.
You see here a jade ring.
D - a jade ring
Okay, then.
Aim: an adder You throw a tomahawk.
The tomahawk hits the adder but does no damage.
You hear a splash.
You slash the adder!
You kill the adder!
Makhleb accepts your kill.
You see here an adder corpse.
You butcher the adder corpse.
r - 4 chunks of flesh (gained 2) Unknown command.
Unknown command.
You now have 193 gold pieces (gained 12).
The ice beast is too close now for your liking.
Aim: an ice beast You throw a tomahawk.
The tomahawk hits the ice beast.
There is a stone staircase leading down here.
Okay, then.
Okay, then.
A red film seems to cover your vision as you go berserk!
You feel yourself moving faster!
You feel mighty!
You now have 51/117 hp.
You hit the ice beast.
The ice beast hits you but does no damage.
You slice the ice beast!! You block the ice beast's attack.
You hit the ice beast. You hit the ice beast. The ice beast barely misses you.
You slash the ice beast!
You kill the ice beast!
Makhleb accepts your kill.
You start waiting.
You feel a strong urge to attack something.
You feel your anger nearly subside.
You are no longer berserk.
You are exhausted.
You feel yourself slow down.
You now have 34/78 hp.
Unknown command.
You start waiting.
Eating one of 4 chunks of flesh.
You eat one of the 4 chunks of flesh.
An adder comes into view.
An adder is nearby!
Unknown command.
Firing (i - inventory): No suitable missiles.
Aim: an adder (hasn't noticed you)
Okay, then.
You are too injured to fight recklessly!
You are too injured to fight recklessly!
You feel yourself speed up.
The adder hisses angrily.
An electric eel comes into view.
The electric eel shoots out a bolt of lightning at you!
The bolt of electricity hits you!
* * * LOW HITPOINT WARNING * * *
You block the adder's attack.
The electric eel shoots out a bolt of lightning at you!
The bolt of electricity hits you!
* * * LOW HITPOINT WARNING * * *
You take 19 damage, and have 15/78 hp.
MASSIVE DAMAGE!!
You block the adder's attack.
The electric eel shoots out a bolt of lightning at you!
The bolt of electricity hits the plant.
The bolt of electricity hits you!
* * * LOW HITPOINT WARNING * * *
You take 8 damage, and have 7/78 hp.
The adder bites you but does no damage. You block the adder's attack.
The electric eel shoots out a bolt of lightning at you!
The bolt of electricity hits you!
* * * LOW HITPOINT WARNING * * *
You take 4 damage, and have 3/78 hp.
Okay, then.
You feel yourself speed up. The adder bites you but does no damage.
The electric eel shoots out a bolt of lightning at you!
The bolt of electricity hits you!
You die...

#.#..##* , ,, ,
######.....######*.# , *
....##...<......# .# .
................# .# .. ,
..........<>>(..##.##...
.............>..........
...(....................
Y8.8.....(.............. ,
⌠.⌠............S@##.#.. ,
.>.8...........)..♣≈≈♣♣ ≈
* ⌠.⌠..............≈P≈P≈≈≈
≈
.8.8............≈≈≈P≈≈P♣*
......#.........P≈P(≈≈≈P ≈
##....#.................,,
, ######.........♣P≈≈;≈≈P
≈ #..........♣≈P≈≈≈≈ ≈
#...........♣≈≈≈≈≈ ≈


You could see an electric eel and an adder.

Vanquished Creatures
  An ice beast (D:6)
  A phantom (D:5)
  A black bear (D:5)
  A tengu (D:5)
  A centaur (D:5)
  3 howler monkeys
  3 hounds
  An orc wizard (D:4)
  An orc priest (D:4)
  A centaur skeleton (D:4)
  An iguana (D:5)
  3 worker ants
  7 adders
  3 gnolls (D:6)
  2 oozes (D:4)
  An adder zombie (D:6)
  2 worms
  2 dart slugs
  3 leopard geckos
  6 orcs
  5 giant cockroaches
  6 goblins
  6 hobgoblins
  16 jackals
  8 kobolds
  3 quokkas
  A ball python (D:1)
  6 bats
  5 frilled lizards
  A quokka zombie (D:6)
  11 rats
112 creatures vanquished.

Notes
Turn   | Place    | Note
-------+----------+-------------------------------------------
     0 | D:1      | theanonym the Deep Dwarf Fighter began the quest for the Orb.
     0 | D:1      | Reached XP level 1. HP: 20/20 MP: 1/1
   118 | D:1      | Reached XP level 2. HP: 25/27 MP: 2/2
   416 | D:1      | Reached skill level 3 in Fighting
   558 | D:1      | Reached XP level 3. HP: 18/34 MP: 3/3
   858 | D:2      | Found a hide-covered altar of Uskayaw.
  1001 | D:2      | Reached skill level 3 in Axes
  1090 | D:2      | Reached XP level 4. HP: 14/42 MP: 4/4
  1260 | D:2      | Reached skill level 4 in Shields
  1459 | D:3      | Reached skill level 4 in Armour
  1911 | D:4      | Found Qunk's Magic Scroll Shoppe.
  2003 | D:4      | HP: 1/42 [orc priest/divine providence (9)]
  2007 | D:4      | Reached XP level 5. HP: 26/49 MP: 4/4
  2087 | D:4      | Reached skill level 4 in Axes
  2138 | D:4      | Bought a scroll of identify for 20 gold pieces
  2166 | D:4      | Reached XP level 6. HP: 22/57 MP: 5/5
  2186 | D:4      | Found a blossoming altar of Fedhas.
  2200 | D:4      | Found Ehogg's Assorted Antiques.
  2214 | D:4      | Bought a scroll of identify for 38 gold pieces
  2415 | D:4      | Found an opulent altar of Gozag.
  2415 | D:4      | Found a snail-covered altar of Cheibriados.
  2416 | D:4      | Found a sacrificial altar of Ru.
  2417 | D:4      | theanonym: !lg * win race=dd s=god
  2417 | D:4      | beem: 2723 games for * (win race=dd): 1796x Makhleb, 318x Trog, 146x Elyvilon, 138x Pakellas, 110x The Shining One, 32x Gozag, 30x Ru, 22x Kikubaaqudgha, 21x Jiyva, 16x Lugonu, 14x Cheibriados, 13x Nemelex Xobeh, 10x Zin, 10x Sif Muna, 8x Yredelemnul, 8x Ashenzari, 7x Xom, 5x, 4x Okawaru, 4x Vehumet, 4x Dithmenos, 3x Qazlal, 2x Hepliaklqana, Iashol, Fedhas
  2440 | D:5      | Entered Level 5 of the Dungeon
  2681 | D:5      | Reached skill level 4 in Fighting
  2716 | D:5      | Reached skill level 5 in Axes
  2716 | D:5      | Reached skill level 5 in Shields
  2737 | D:5      | Reached XP level 7. HP: 29/64 MP: 6/6
  2743 | D:5      | Reached skill level 5 in Armour
  2973 | D:5      | Reached skill level 6 in Fighting
  2973 | D:5      | Reached skill level 10 in Axes
  2973 | D:5      | Reached skill level 8 in Armour
  2973 | D:5      | Reached skill level 8 in Shields
  2973 | D:5      | Reached XP level 8. HP: 20/78 MP: 7/7
  3510 | D:5      | HP: 11/78 [ice beast (9)]
  3573 | D:6      | Found a staircase to the Ecumenical Temple.
  3587 | Temple   | Entered the Ecumenical Temple
  3662 | Temple   | Became a worshipper of Makhleb the Destroyer
  3914 | D:6      | HP: 15/78 [electric eel/bolt of electricity (10)]
  3915 | D:6      | HP: 7/78 [electric eel/bolt of electricity (8)]
  3916 | D:6      | HP: 3/78 [electric eel/bolt of electricity (4)]
  3917 | D:6      | Killed from afar by an electric eel

Vault maps used:
D:1:      dpeg_arrival_long_road
D:2:      lemuel_crystal_altar
D:4:      gammafunk_temple_overflow_forgotten, nicolae_overflow_crystal_walls,
          serial_shops, nicolae_shop_crystal, shop
D:5:      first_bread
D:6:      kennysheep_mini_moat, minitemple,
          minmay_temple_entry_statues_fountains, serial_bayou_lagoon_b,
          uniq_crazy_yiuf_cottage
Temple:   nicolae_temple_great_sept

Skill      XL: |  1  2  3  4  5  6  7 |
---------------+----------------------+-----
Fighting       | 3 4 6 |  6.8
Axes           | 3 4 5 10 | 10.4
Shields        | 4 5 8 |  8.2
Armour         | 4 8 |  8.1
Invocations    | |  0.7

Action                   |  1- 3 |  4- 6 |  7- 9 || total
-------------------------+-------+-------+-------++-------
Melee: War axe           |   159 |   163 |    67 ||   389
Throw: Tomahawk          |     5 |    56 |    24 ||    85
 Abil: Heal Wounds       |       |     2 |     1 ||     3
Evoke: Wand              |       |     2 |     3 ||     5
  Use: Scroll            |       |     4 |     4 ||     8
       Potion            |       |     1 |     3 ||     4
  Eat: Chunk             |     1 |     6 |     4 ||    11
Armor: Scale mail        |    77 |    75 |    27 ||   179
Dodge: Dodged            |    55 |    67 |    18 ||   140
Block: Shield            |    73 |   111 |    52 ||   236

Table legend:
 A = Spawn XP
 B = Non-spawn XP
 C = Spawn XP percentage of total XP
 D = Spawn monster count
 E = Non-spawn monster count
 F = Spawn count percentage of total count
 G = Total turns spent on level
                    A         B        C        D         E        F      G
               +---------+---------+-------+---------+---------+-------+---------
         Total |       0 |    1498 |   0.0 |       0 |     112 |   0.0 |  3917
               +---------+---------+-------+---------+---------+-------+---------
           D:1 |       0 |      46 |   0.0 |       0 |      29 |   0.0 |   752
           D:2 |       0 |      74 |   0.0 |       0 |      19 |   0.0 |   674
           D:3 |       0 |      39 |   0.0 |       0 |      19 |   0.0 |   509
           D:4 |       0 |     301 |   0.0 |       0 |      19 |   0.0 |   505
           D:5 |       0 |     786 |   0.0 |       0 |      17 |   0.0 |  1198
           D:6 |       0 |     252 |   0.0 |       0 |       9 |   0.0 |   193
               +---------+---------+-------+---------+---------+-------+---------
